 Dungeon Crawl Stone Soup version 0.26-a0-1138-gef23d1325b (webtiles) character file.

Game seed: 13004953757049597212

429 ANON1729 the Archer (level 6, -7/35 HPs)
             Began as a Deep Elf Hunter on Dec 21, 2020.
             Was a Follower of Okawaru.
             Killed by divine providence
             ... invoked by an orc priest
              (12 damage)
             ... on level 4 of the Dungeon.
             The game lasted 00:06:15 (5043 turns).

ANON1729 the Archer (Deep Elf Hunter)               Turns: 5043, Time: 00:06:16

Health: -7/35      AC: 14    Str: 14    XL:     6   Next: 66%
Magic:  10/10      EV:  4    Int: 14    God:    Okawaru [*.....]
Gold:   220        SH:  0    Dex: 15    Spells: 5/5 levels left

rFire    . . .     SeeInvis .   B - +9 dagger "Killer Klown's Death" {flame, rPois rN++ Str+3 Int-2}
rCold    . . .     Faith    .   (no shield)
rNeg     + + .     Spirit   .   h - +0 plate armour
rPois    +         Reflect  .   (no helmet)
rElec    .         Harm     .   (no cloak)
rCorr    .         Rampage  .   (no gloves)
Will     .....                  (no boots)
Stlth    ..........             (no amulet)
HPRegen  0.11/turn              i - +4 ring of protection
MPRegen  0.12/turn              w - ring of attention (curse)

@: no status effects
A: no striking features
a: Renounce Religion, Heroism


You were on level 4 of the Dungeon.
You worshipped Okawaru.
Okawaru was aware of your devotion.
You visited 1 branch of the dungeon, and saw 4 of its levels.
You also visited: Sewer.

You collected 220 gold pieces.

Inventory:

Hand Weapons
 a - a +1 shortbow
 b - a +0 short sword
 x - a +0 war axe of freezing
 B - the +9 dagger "Killer Klown's Death" (weapon) {flame, rPois rN++ Str+3 Int-2}
   (You found it on level 4 of the Dungeon)

   It has been specially enchanted to burn those struck by it, causing extra
   injury to most foes and up to half again as much damage against particularly
   susceptible opponents.
   It affects your strength (+3).
   It affects your intelligence (-2).
   It protects you from poison.
   It greatly protects you from negative energy.
Missiles
 d - 39 arrows (quivered)
 m - 2 atropa-tipped darts
Armour
 c - a +0 leather armour
 h - a +0 plate armour (worn)
Jewellery
 i - a +4 ring of protection (left hand)
 w - a cursed ring of attention (right hand)
 y - an uncursed ring of stealth
Scrolls
 g - 5 scrolls of identify {unknown}
 j - a scroll of fear {unknown}
 k - a scroll of blinking {unknown}
 l - 5 scrolls of teleportation {unknown}
 n - 2 scrolls of remove curse {unknown}
 q - a scroll of random uselessness {unknown}
 r - a scroll of immolation {unknown}
 s - a scroll of enchant armour {unknown}
 t - a scroll of fog {unknown}
 A - a scroll of amnesia {unknown}
Potions
 e - a potion of invisibility {unknown}
 f - 2 potions of attraction {unknown}
 o - 2 potions of might {unknown}
 p - a potion of lignification {unknown}
 u - 4 potions of brilliance {unknown}
 v - 11 potions of curing {unknown}
 z - 5 potions of heal wounds {unknown}
 C - a potion of degeneration {unknown}


   Skills:
 - Level 1.6 Fighting
 + Level 9.4 Bows
 - Level 2.5 Dodging
 - Level 1.5 Stealth
 + Level 3.5 Invocations


You had 5 spell levels left.
You didn't know any spells.
Your spell library was empty.

Dungeon Overview and Level Annotations

Branches:
Dungeon (4/15)             Temple (0/1) D:4           Sewer (visited)

Altars:
Kikubaaqudgha
Okawaru
Sif Muna
Vehumet


Message History

You hear a shout! x2
You are too injured to fight recklessly!
You are too injured to fight recklessly!
You are too injured to fight recklessly!
You are too injured to fight recklessly!
You are too injured to fight recklessly!
You are too injured to fight recklessly!
You are too injured to fight recklessly!
You are too injured to fight recklessly!
You are too injured to fight recklessly!
You are too injured to fight recklessly!
You are too injured to fight recklessly!
Unknown command.
The leopard gecko bites you but does no damage.
The orc priest mumbles some strange prayers to Beogh against you.
Beogh smites you!
* * * LOW HITPOINT WARNING * * *
The orc priest mumbles some strange prayers to Beogh against you.
Beogh smites you!
You die...

... #.##....## ...
#.###.#..## ... #
#....รท....# #.#.#
#..#...#..# # ###.#.#
#..###.###.# #.. .....
#...#...#..# .....###.####
#....._....#
......o..o..######...#...#..#
.....###.##l@.......###.###.#
............#######..#...#..#
. ######.#.#######.........#
#.#..........##......
#.####............### #.#
#..####.####.# #.#
#..####(####.# ..
#..))((........ ..
#...#######..##


You could see an orc priest, an orc and a leopard gecko.

Vanquished Creatures
  A phantom (D:4)
  A scorpion (D:4)
  An orc priest (D:4)
  2 orc wizards
  3 worker ants (D:4)
  4 adders
  2 worms (D:2)
  2 dart slugs
  4 leopard geckos
  7 orcs
  2 bats
  2 bat zombies (D:3)
  4 giant cockroaches
  4 hobgoblins
  3 jackals (D:1)
  2 quokkas
  3 ball pythons
  7 frilled lizards
  8 goblins
  22 kobolds
  10 rats
  A rat zombie (D:3)
95 creatures vanquished.

Vanquished Creatures (others)
  7 plants (Sewer)
7 creatures vanquished.

Grand Total: 102 creatures vanquished

Notes
Turn   | Place    | Note
-------+----------+-------------------------------------------
     0 | D:1      | ANON1729 the Deep Elf Hunter began the quest for the Orb.
     0 | D:1      | Reached XP level 1. HP: 12/12 MP: 3/3
   252 | D:1      | Reached XP level 2. HP: 17/17 MP: 4/4
   725 | D:1      | Reached skill level 6 in Bows
  1584 | D:2      | Found an iron altar of Okawaru.
  1603 | D:2      | Became a worshipper of Warmaster Okawaru
  1697 | D:2      | Reached XP level 3. HP: 21/21 MP: 5/5
  1792 | D:2      | Found a shimmering blue altar of Sif Muna.
  2582 | D:3      | Found an ancient bone altar of Kikubaaqudgha.
  2613 | D:3      | Reached skill level 7 in Bows
  2856 | D:3      | Reached XP level 4. HP: 26/26 MP: 6/6
  3085 | D:3      | Found a glowing drain.
  3094 | Sewer    | Entered a sewer
  3276 | Sewer    | Reached skill level 8 in Bows
  3668 | Sewer    | Reached XP level 5. HP: 30/30 MP: 7/7
  3962 | D:4      | Noticed a phantom
  3992 | D:4      | Killed a phantom
  3993 | D:4      | Reached skill level 1 in Invocations
  4210 | D:4      | Got a faintly glowing dagger
  4211 | D:4      | Identified the +9 dagger "Killer Klown's Death" {flame,
                  | rPois rN++ Str+3 Int-2} (You found it on level 4 of the
                  | Dungeon)
  4214 | D:4      | Reached * piety under Okawaru
  4302 | D:4      | Found a staircase to the Ecumenical Temple.
  4443 | D:4      | Reached XP level 6. HP: 15/35 MP: 9/9
  4652 | D:4      | Reached skill level 9 in Bows
  4670 | D:4      | Found a radiant altar of Vehumet.
  5043 | D:4      | Killed from afar by an orc priest

Illustrated notes

Levels and vault maps discovered:
D:1:      matt_arrival_grand_opening, layout_basic
D:2:      layout_basic, nicolae_overflow_crystal_walls,
          kennysheep_okawaru_gauntlet
D:3:      layout_loops_ring, lemuel_zombie_altar_kikubaaqudgha,
          portal_sewer_entry_d
D:4:      layout_loops_ring, tgw_trog, vehumet_crystals,
          minmay_temple_entry_overgrown, minmay_statues_item

Skill      XL: |  1  2  3  4  5  6 |
---------------+-------------------+-----
Bows           | 6 7 8 9 |  9.4
Invocations    | 2 3 |  3.5
Fighting       | |  1.6
Dodging        | |  2.5
Stealth        | |  1.5

Action                   |  1- 3 |  4- 6 || total
-------------------------+-------+-------++-------
Melee: Short sword       |   104 |       ||   104
       War axe           |     8 |   100 ||   108
       Dagger            |       |    60 ||    60
 Fire: Shortbow          |    72 |    19 ||    91
Armor: Plate armour      |   139 |   155 ||   294
Dodge: Dodged            |     4 |    19 ||    23

Table legend: (Time is in decaauts)
 A = Elapsed time spent in this place.
 B = Non-inter-level travel time spent in this place.
 C = Inter-level travel time spent in this place.
 D = Time resting spent in this place.
 E = Time spent auto-exploring this place.
 F = Levels seen in this place.
 G = Mean time per level.
                   A        B        C        D        E       F      G
               +--------+--------+--------+--------+--------+-----+--------+
         Total |   5126 |   5099 |     27 |    801 |   3523 |   5 | 1025.2 |
       Dungeon |   4431 |   4404 |     27 |    530 |   3266 |   4 | 1107.8 |
         Sewer |    694 |    694 |      0 |    271 |    257 |   1 |  694.0 |
               +--------+--------+--------+--------+--------+-----+--------+

Top non-repeatable levels by time:
     D:1: 1496 daAuts
     D:4: 1092 daAuts
     D:2: 1032 daAuts
     D:3: 810 daAuts
   Sewer: 694 daAuts
